AoeStats
← maksi_ka

Enclosed

506890076Analyzed
1v1 RM · 18d ago on Sep 15, 2026· 36m 4s· 2 players
Game mode
Random Map
Map size
Tiny (2 player)
Population
200
Speed
Normal
Resources
Standard
Victory
Conquest
Starting age
Dark Age
Ending age
Imperial Age
RankedLock teamsTeams togetherTeam positionsShared explorationLock speedFull tech treeHidden civsTurbo modeCheats
Victory
Defeat
🇫🇷 Franks · France
877
+16
🇩🇪 Turks · Germany
887
-16
nathan75013
9:05 Loom
11:11 Feudal Age
12:27 Double-Bit Axe
17:35 Castle Age
18:35 Bow Saw
18:53 Gold Mining
20:12 Elite Skirmisher
22:42 Padded Archer Armor
22:32 Fletching
23:53 Stone Mining
25:47 Leather Archer Armor
25:39 Scale Barding Armor
28:11 Ballistics
30:20 Wheelbarrow
30:56 Gold Shaft Mining
30:41 Bodkin Arrow
32:58 Hand Cart
38:30 Imperial Age
35:46 Town Watch
maksi_ka
8:06 Loom
10:46 Feudal Age
11:29 Double-Bit Axe
13:12 Fletching
14:10 Padded Archer Armor
21:13 Castle Age
22:21 Forging
22:15 Bodkin Arrow
22:47 Bow Saw
23:21 Thumb Ring
23:45 Leather Archer Armor
26:46 Crossbowman
32:21 Imperial Age
Connection lost

Rejoining the realm…

Still unreachable

The connection could not be restored.

Session expired

The server has moved on; the page needs a fresh start.